 Dungeon Crawl Stone Soup version 0.21.1-1-g345015f (webtiles) character file.

280 keltmir the Skirmisher (level 6, 0/48 HPs)
             Began as a Demonspawn Fighter on Mar 25, 2018.
             Was an Initiate of Dithmenos.
             Slain by a goblin
             ... wielding a +0 club
              (5 damage)
             ... on level 3 of the Dungeon.
             The game lasted 00:09:48 (3370 turns).

keltmir the Skirmisher (Demonspawn Fighter)         Turns: 3370, Time: 00:09:49

Health: 0/48       AC:  1    Str: 17    XL:     6   Next: 5%
Magic:  0/6        EV:  9    Int: 10    God:    Dithmenos [......]
Gold:   62         SH:  9    Dex: 15    Spells: 5/5 levels left

rFire    . . .     SeeInvis .   o - +0 dagger
rCold    . . .     Gourm    .   c - +0 shield
rNeg     . . .     Faith    .   (no armour)
rPois    .         Spirit   +   (no helmet)
rElec    .         Reflect  .   (no cloak)
rCorr    .         Harm     .   (no gloves)
MR       .....                  p - +0 pair of boots
Stlth    +++.......             (no amulet)
HPRegen  0.16/turn              (no ring)
MPRegen  0.10/turn              (no ring)

@: no status effects
A: talons 1, thin skeletal structure 1, demonic guardian 1, magic shield
a: Renounce Religion


You were on level 3 of the Dungeon.
You worshipped Dithmenos.
Dithmenos was noncommittal.
You were near starving.

You visited 1 branch of the dungeon, and saw 3 of its levels.

You collected 62 gold pieces.

Inventory:

Hand Weapons
 a - a +0 flail
 j - a -1 whip
 o - a +0 dagger (weapon)
Armour
 b - a +0 scale mail
 c - a +0 shield (worn)
 p - a +0 pair of boots (worn)
Wands
 i - a wand of random effects (24)
Scrolls
 e - 4 scrolls of identify
 g - a scroll of amnesia
 l - a scroll of remove curse
 m - a scroll of teleportation {unknown}
 q - a scroll of random uselessness {unknown}
 r - a scroll of magic mapping {unknown}
Potions
 d - 2 potions of might
 h - 7 potions of curing
 k - a potion of heal wounds {unknown}
 n - 2 potions of berserk rage {unknown}
Comestibles
 f - 4 rations


   Skills:
 - Level 3.9 Fighting
 + Level 1.1 Short Blades
 - Level 3.7 Maces & Flails
 - Level 3.4 Armour
 * Level 1.0 Dodging
 * Level 2.0 Stealth
 - Level 2.7 Shields


You had 5 spell levels left.
You didn't know any spells.

Dungeon Overview and Level Annotations

Branches:
Dungeon (3/15)

Altars:
Dithmenos
Ru
Zin


Innate Abilities, Weirdness & Mutations

You have sharp toenails.
You have a somewhat thin skeletal structure. (Dex +2, Stealth)
A weak demonic guardian rushes to your aid.
When hurt, damage is shared between your health and your magic reserves.


Message History

The goblin hits you with a club.
* * * LOW HITPOINT WARNING * * *
You block the goblin's attack. The goblin hits you but does no damage.
You block the goblin's attack. The goblin closely misses you.
The goblin misses you. The goblin hits you with a club.
* * * LOW HITPOINT WARNING * * *
The goblin hits you with a club.
* * * LOW HITPOINT WARNING * * *
You block the goblin's attack. The goblin hits you but does no damage.
You block the goblin's attack. The goblin hits you with a club.
* * * LOW HITPOINT WARNING * * *
You block the goblin's attack. You block the goblin's attack.
The goblin hits you with a club!
You die...

#############
#...........#
#######.#########.#
+..g@...# #...#
######### #.###
###.### ## #.....#
... .# #.#.#.# #.#
.## #.#.#.#
##'######..#
#.#.#.#
#..........##
#.#.#.#
#...........#
#.#.#.#


You could see a goblin.

Vanquished Creatures
  An orc priest (D:3)
  An ooze (D:1)
  A dart slug (D:1)
  2 leopard geckos (D:1)
  An orc (D:3)
  A giant cockroach (D:1)
  3 goblins
  4 hobgoblins
  3 jackals (D:2)
  5 bats (D:1)
  A frilled lizard (D:2)
  4 kobolds
  5 rats (D:1)
32 creatures vanquished.

Vanquished Creatures (collateral kills)
  Sigmund (D:2)
  The ghost of Redear the Shield-Bearer, an amateur VSFi (D:3)
  An orc wizard (D:3)
  Natasha (thrice) (D:2)
  An adder (D:3)
  A worm (D:3)
  A leopard gecko (D:3)
  5 orcs (D:3)
  A bat (D:3)
  2 goblins (D:3)
17 creatures vanquished.

Grand Total: 49 creatures vanquished

Notes
Turn   | Place    | Note
-------+----------+-------------------------------------------
     0 | D:1      | keltmir the Demonspawn Fighter began the quest for the Orb.
     0 | D:1      | Reached XP level 1. HP: 18/18 MP: 1/1
   171 | D:1      | Gained mutation: When hurt, damage is shared between your health and your magic reserves. [demonic ancestry]
   171 | D:1      | Reached XP level 2. HP: 18/24 MP: 2/2
   978 | D:1      | Gained mutation: A weak demonic guardian rushes to your aid. [demonic ancestry]
   978 | D:1      | Reached XP level 3. HP: 22/29 MP: 1/3
  1447 | D:2      | Found a shadowy altar of Dithmenos.
  1658 | D:2      | Noticed Sigmund
  1658 | D:2      | Noticed Natasha
  1718 | D:2      | Killed Sigmund
  1718 | D:2      | Gained mutation: You have a somewhat thin skeletal structure. (Dex +2, Stealth) [demonic ancestry]
  1718 | D:2      | Reached XP level 4. HP: 20/37 MP: 4/4
  1731 | D:2      | Killed Natasha
  1919 | D:2      | Noticed Natasha
  1926 | D:2      | Killed Natasha
  1926 | D:2      | Reached XP level 5. HP: 42/42 MP: 5/5
  1952 | D:2      | Became a worshipper of Dithmenos the Shadowed
  2184 | D:2      | Found a glowing silver altar of Zin.
  2321 | D:2      | Noticed Natasha
  2355 | D:2      | Killed Natasha
  2640 | D:3      | Reached skill level 1 in Stealth
  3066 | D:3      | Noticed Redear's ghost (amateur VSFi)
  3089 | D:3      | Killed Redear's ghost
  3089 | D:3      | Reached skill level 1 in Short Blades
  3089 | D:3      | Reached skill level 1 in Dodging
  3089 | D:3      | Gained mutation: You have sharp toenails. [demonic ancestry]
  3089 | D:3      | Reached XP level 6. HP: 34/48 MP: 3/6
  3230 | D:3      | Found a sacrificial altar of Ru.
  3370 | D:3      | Slain by a goblin

Skill      XL: |  1  2  3  4  5 |
---------------+----------------+-----
Maces & Flails | 2 3 |  3.7
Armour         | 3 |  3.4
Stealth        | 2 |  2.0
Short Blades   | 1 |  1.1
Dodging        | 1 |  1.0
Fighting       | |  3.9
Shields        | |  2.7

Action                   |  1- 3 |  4- 6 || total
-------------------------+-------+-------++-------
Melee: Flail             |    34 |       ||    34
       Whip              |    65 |    24 ||    89
       Dagger            |       |    39 ||    39
  Use: Scroll            |     3 |     1 ||     4
  Eat: Chunk             |     2 |     4 ||     6
Armor: Scale mail        |    56 |    31 ||    87
       Skin              |       |     1 ||     1
Dodge: Dodged            |    31 |    26 ||    57
Block: Shield            |    38 |    61 ||    99
